 Dungeon Crawl Stone Soup version 0.31-a0-523-g071a6c1ffa (webtiles) character file.

Game seed: 15452492307917995647

2072 Shayle the Fighter (level 9, 0/85 (97) HPs)
             Began as an Ogre Shapeshifter on Aug 11, 2023.
             Was an Initiate of Gozag.
             Slain by a wight
             ... wielding a +3 spear of freezing
              (2 damage)
             ... on level 7 of the Dungeon.
             The game lasted 00:19:37 (6276 turns).

Shayle the Fighter (Ogre Shapeshifter)              Turns: 6276, Time: 00:19:45

HP:   0/85 (97)     AC:  8    Str: 21    XL:     9   Next: 26%
MP:   10/10         EV: 11    Int: 13    God:    Gozag
Gold: 537           SH:  0    Dex: 14    Spells: 10/10 levels left

rFire   . . .        r - +8 long sword of Eternal Night {freeze, Dex+5}
rCold   . . .        (no shield)
rNeg    . . .        a - +1 animal skin
rPois   .            (helmet currently unavailable)
rElec   .            (cloak currently unavailable)
rCorr   .            (gloves unavailable)
SInv    .            (boots unavailable)
Will    +....        (no amulet)
Stlth   +            e - +4 ring of protection
HPRegen 0.34/turn    u - ring of willpower
MPRegen 0.12/turn

%: no passive effects
@: beast-form, heavily drained
A: beast (slay +4), large, unfitting armour, tough skin 1
a: Begin Untransformation, Renounce Religion, Potion Petition, Call Merchant,
Bribe Branch


You were on level 7 of the Dungeon.
You worshipped Gozag.
Gozag was pleased with you.
You were a hulking beast.
You visited 1 branch of the dungeon, and saw 7 of its levels.
You also visited: Sewer.

You collected 760 gold pieces.
You spent 121 gold pieces at shops.
You paid 102 gold pieces to Gozag.

Inventory:

Hand Weapons
 r - the +8 long sword of Eternal Night (weapon) {freeze, Dex+5}
   (You found it on level 3 of the Dungeon)

   Dex+5:     It affects your dexterity (+5).
Missiles
 n - a throwing net
Armour
 a - a +1 animal skin (worn)
 l - a +1 hat
 x - a +2 robe of cold resistance
Jewellery
 e - a +4 ring of protection (left hand)
 u - a ring of willpower (right hand)
Talismans
 c - a beast talisman (active)
 d - a flux talisman
 m - a dragon-blood talisman
Wands
 b - a wand of polymorph (12)
 g - a wand of flame (23)
 t - a wand of mindburst (21)
Scrolls
 f - 3 scrolls of enchant weapon
 h - 2 scrolls of fear
 j - a scroll of summoning {unknown}
 k - 2 scrolls of fog
 o - a scroll of identify
 y - a scroll of silence {unknown}
Potions
 i - a potion of ambrosia {unknown}
 p - a potion of attraction {unknown}
 q - 2 potions of enlightenment {unknown}
 s - a potion of mutation {unknown}
 v - 2 potions of magic {unknown}
 w - a potion of brilliance


   Skills:
 + Level 8.6 Fighting
 - Level 3.6 Dodging
 - Level 3.0 Unarmed Combat
 - Level 1.1 Spellcasting
 * Level 8.2 Shapeshifting


You had 10 spell levels left.
You didn't know any spells.
Your spell library contained the following spells:

 Spells                   Type           Power      Damage    Failure   Level
 Ozocubu's Armour         Ice            0%         N/A       63%         3
 Fireball                 Conj/Fire      0%         3d3       100%        5
 Iskenderun's Battlesphe  Conj           0%         2d6       100%        5
 Metabolic Englaciation   Hex/Ice        0%         N/A       100%        5
 Conjure Ball Lightning   Conj/Air       0%         3x3d6     100%        6
 Orb of Destruction       Conj           0%         9d5       100%        7
 Simulacrum               Ice/Necr       Unusable   N/A       N/A         6

Dungeon Overview and Level Annotations

Branches:
Dungeon (7/15)             Temple (0/1) D:6           Sewer (visited)

Altars:
Gozag
Trog
Uskayaw
Zin

Shops:
D:6 *

Annotations:
D:7 Jeremiah


Innate Abilities, Weirdness & Mutations

You are a hulking beast.
Your limbs bulge with bestial killing power. (Slay +4)
You are too large for most types of armour.
You have tough skin. (AC +1)


Message History

You barely miss the wight.
The wight is no longer distracted by gold.
The wight is moderately damaged.
The wight hits you but does no damage.
The wight hits you from afar with a +0 spear.
You feel drained. The wight hits you but does no damage. The wight misses you.
You slash the wight!
The wight is almost destroyed.
The wight hits you with a +3 spear of freezing.
You feel drained. The wight freezes you.
The wight is distracted by your dazzling golden aura.
You barely miss the wight.
The wight is almost destroyed.
The wight hits you with a +3 spear of freezing.
The wight freezes you. The wight closely misses you.
You hit the wight but do no damage.
The wight is almost destroyed.
The wight hits you with a +3 spear of freezing.
You feel drained. The wight freezes you.
You hit the wight but do no damage.
The wight is almost destroyed.
The wight is no longer distracted by gold.
The wight hits you with a +3 spear of freezing.
The wight freezes you.
The wight hits you from afar with a +0 spear.
You feel drained.
You closely miss the wight.
The wight is almost destroyed.
The wight hits you with a +3 spear of freezing.
You feel drained. The wight freezes you.
* * * LOW HITPOINT WARNING * * *
The wight hits you from afar with a +0 spear!
* * * LOW HITPOINT WARNING * * *
The wight hits you from afar with a +0 spear.
* * * LOW HITPOINT WARNING * * *
The wight hits you with a +3 spear of freezing!
* * * LOW HITPOINT WARNING * * *
The wight freezes you.
You die...
Your body crumbles into a pile of gold.

# ## ## ##. $ # $. . #.. #.
#. ###.. #.. #.##.###.....
#.. ##./..)....# ##.
#...z..z.$# ### #.. $
#..h## #.. #.. #.#$.# #.#
#.. #>#..# #.#####. #....##
#.#..... ####.....#
###.).#### ##
###........#####....##
#.##.)...#............##
####.................##.##
...........##...........#.#


You could see 2 wights.

Vanquished Creatures
  Pikel (D:7)
  An ice beast (D:7)
  2 black bears
  2 ogres (D:6)
  2 lemures (D:7)
  A scorpion (D:5)
  6 wights (D:7)
  A howler monkey (D:6)
  6 hounds
  5 jellies
  A gnoll bouda (D:6)
  3 orc wizards
  5 gnolls
  16 adders
  2 river rats (Sewer)
  A white imp (D:7)
  An ufetubus (D:5)
  6 worms
  2 dart slugs
  12 orcs
  11 ball pythons
  4 endoplasms
  7 giant cockroaches
  10 goblins
  3 hobgoblins
  2 quokkas
  10 bats
  5 frilled lizards
  8 kobolds
  6 rats
142 creatures vanquished.

Notes
Turn   | Place    | Note
-------+----------+-------------------------------------------
     0 | D:1      | Shayle the Ogre Shapeshifter began the quest for the Orb.
     0 | D:1      | Reached XP level 1. HP: 19/19 MP: 1/1
   118 | D:1      | Reached XP level 2. HP: 28/28 MP: 2/2
   416 | D:1      | Reached XP level 3. HP: 25/35 MP: 4/4
   859 | D:2      | Reached skill level 1 in Spellcasting
  1300 | D:2      | Reached XP level 4. HP: 44/44 MP: 5/5
  1704 | D:3      | Identified the +8 long sword of Eternal Night {freeze,
                  | Dex+5}
  2437 | D:4      | Reached XP level 5. HP: 53/53 MP: 6/6
  2608 | D:4      | Identified the +4 scale mail "Raikum" {rPois}
  3427 | D:4      | Noticed a black bear
  3434 | D:4      | Killed a black bear
  3435 | D:4      | Reached XP level 6. HP: 45/62 MP: 7/7
  3651 | D:5      | Entered Level 5 of the Dungeon
  3683 | D:5      | Found a glowing drain.
  3697 | Sewer    | Entered a sewer
  4232 | D:5      | Reached skill level 5 in Shapeshifting
  4232 | D:5      | Reached XP level 7. HP: 71/71 MP: 8/8
  4456 | D:5      | Reached skill level 5 in Fighting
  4762 | D:5      | Found a hide-covered altar of Uskayaw.
  4762 | D:5      | Found an opulent altar of Gozag.
  5080 | D:5      | Became a worshipper of Gozag Ym Sagoz the Greedy
  5319 | D:6      | Found Loammibi's General Store.
  5328 | D:6      | Bought a +1 hat for 121 gold pieces
  5387 | D:6      | Reached XP level 8. HP: 83/83 MP: 9/9
  5469 | D:6      | Noticed a moth of wrath
  5506 | D:6      | Found a bloodstained altar of Trog.
  5631 | D:6      | Found a staircase to the Ecumenical Temple.
  5635 | D:6      | Found a glowing silver altar of Zin.
  6141 | D:7      | Noticed Pikel
  6152 | D:7      | Killed Pikel
  6153 | D:7      | Reached XP level 9. HP: 64/96 MP: 10/10
  6205 | D:7      | Noticed Jeremiah
  6276 | D:7      | HP: 2/85 [wight/+3 spear of freezing (8)]
  6276 | D:7      | Slain by a wight

Illustrated notes

Levels and vault maps discovered:
D:1:      dpeg_arrival_simpleton_c, layout_basic
D:2:      kennysheep_big_flooded_room, layout_basic
D:3:      cheibrodos_helix_gallery, layout_rooms
D:4:      black_bear_nest_2, layout_loops_cross
D:5:      layout_basic, gammafunk_temple_overflow_wave, portal_sewer_entry_b
D:6:      nicolae_cairo_tiling_large_dashed, layout_rooms, tgw_trog,
          mainiacjoe_overflow_six_doors_small, minmay_temple_entry_grid,
          serial_shops, nicolae_shop_statue_plus
D:7:      layout_rooms, enter_bailey_8, uniq_pikel, uniq_jeremiah

Skill      XL: |  1  2  3  4  5  6  7  8  9 |
---------------+----------------------------+-----
Dodging        | 2 3 |  3.6
Fighting       | 2 3 4 6 8 |  8.6
Unarmed Combat | 3 |  3.0
Spellcasting   | 1 |  1.1
Shapeshifting  | 4 5 6 7 8 |  8.2

Action                     |  1- 3 |  4- 6 |  7- 9 || total
---------------------------+-------+-------+-------++-------
  Melee: Unarmed           |    99 |    15 |       ||   114
         Long sword        |       |    98 |   117 ||   215
         Punch             |       |     3 |     3 ||     6
  Evoke: Wand              |       |       |     3 ||     3
    Use: Potion            |       |     5 |       ||     5
         Scroll            |       |     9 |     2 ||    11
   Stab: Distracted        |       |     1 |     1 ||     2
         Sleeping          |       |       |     1 ||     1
 Armour: Animal skin       |    29 |    63 |    47 ||   139
         Skin              |       |     5 |       ||     5
  Dodge: Dodged            |    56 |    80 |    95 ||   231

Table legend: (Time is in decaauts)
 A = Elapsed time spent in this place.
 B = Non-inter-level travel time spent in this place.
 C = Inter-level travel time spent in this place.
 D = Time resting spent in this place.
 E = Time spent auto-exploring this place.
 F = Levels seen in this place.
 G = Mean time per level.
                   A        B        C        D        E       F      G
               +--------+--------+--------+--------+--------+-----+--------+
         Total |   6355 |   6112 |    243 |   1091 |   3142 |   8 |  794.4 |
       Dungeon |   6073 |   5830 |    243 |   1054 |   3135 |   7 |  867.6 |
         Sewer |    282 |    282 |      0 |     37 |      7 |   1 |  282.0 |
               +--------+--------+--------+--------+--------+-----+--------+

Top non-repeatable levels by time:
     D:5: 1322 daAuts
     D:4: 1116 daAuts
     D:2: 931 daAuts
     D:3: 909 daAuts
     D:1: 730 daAuts
     D:6: 649 daAuts
     D:7: 414 daAuts
   Sewer: 282 daAuts
